 Dungeon Crawl Stone Soup version 0.23.2-1-ga50397a6bc (webtiles) character file.

Game seed: 4741046824352816485

1719 MisterOstroum the Magician (level 8, -11/90 HPs)
             Began as a Vampire Enchanter on Apr 26, 2019.
             Was a Plaything of Xom.
             Mangled by a komodo dragon (17 damage)
             ... on level 8 of the Dungeon on Apr 28, 2019.
             The game lasted 00:54:28 (6861 turns).

MisterOstroum the Magician (Vampire Enchanter)      Turns: 6861, Time: 00:54:29

Health: -11/90     AC: 24    Str:  5 (7)  XL:     8   Next: 75%
Magic:  1/15       EV:  2    Int: 16 (19) God:    Xom [.*....]
Gold:   244        SH:  4    Dex: 11 (15) Spells: 11/17 levels left

rFire    . . .     SeeInvis +   a - +2 dagger (speed)
rCold    . . .     Gourm    .   C - +0 buckler {reflect}
rNeg     + + +     Faith    .   (armour currently unavailable)
rPois    +         Spirit   .   (helmet currently unavailable)
rElec    .         Reflect  +   (cloak currently unavailable)
rCorr    .         Harm     .   (gloves currently unavailable)
MR       +....     NoTele   +   (boots currently unavailable)
Stlth    +++.......             g - amulet of rage
HPRegen  0.25/turn              p - ring of protection from magic
MPRegen  0.14/turn              (no ring)

@: tree-form, cleaving, very slightly contaminated
A: see invisible, deterioration 1, wild magic 1
a: Bat Form, Renounce Religion, Evoke Berserk Rage


You were on level 8 of the Dungeon.
You worshipped Xom.
You were a plaything of Xom.
You were not thirsty.
You were a tree.
You visited 2 branches of the dungeon, and saw 9 of its levels.

You collected 244 gold pieces.

Inventory:

Hand Weapons
 a - a +2 dagger of speed (weapon)
 t - a +0 hunting sling
 u - a +0 longbow
Missiles
 c - 84 sling bullets
 d - 130 stones (quivered)
 o - 3 javelins
 D - 28 arrows
Armour
 b - a +0 robe
 f - a +0 leather armour (melded)
 k - a +0 pair of boots (melded)
 C - a +0 buckler of reflection (worn)
Jewellery
 g - an amulet of rage (around neck)
 p - a ring of protection from magic (left branch)
Wands
 E - a wand of acid (6)
 G - a wand of iceblast (9)
Scrolls
 h - a scroll of amnesia {unknown}
 i - a scroll of immolation {unknown}
 l - a scroll of teleportation {@r3 !r}
 n - 2 scrolls of blinking
 r - a scroll of magic mapping {unknown}
 w - 3 scrolls of remove curse
 y - a scroll of enchant armour {unknown}
 F - a scroll of fog {unknown}
 H - a scroll of identify {@r1}
Potions
 e - 3 potions of blood
 s - a potion of might {unknown}
 v - a potion of invisibility {unknown}
 x - a potion of haste {unknown}
 B - a potion of brilliance {unknown}


   Skills:
 + Level 4.0 Fighting
 + Level 5.0 Short Blades
 - Level 2.1 Dodging
 + Level 5.1 Stealth
 - Level 4.0 Shields
 - Level 5.2 Spellcasting
 + Level 5.1 Hexes
 + Level 4.9 Ice Magic


You had 11 spell levels left.
You knew the following spells:

 Your Spells              Type           Power        Failure   Level  Hunger
a - Confuse               Hex            ####....     9%          3    ###....
b - Ensorcelled Hibernat  Hex/Ice        ####..       4%          2    #......
c - Corona                Hex            ####...      3%          1    None

Your spell library contained the following spells:

 Spells                   Type           Power        Failure   Level  Hunger
 Tukima's Dance           Hex            ####....     9%          3    ###....
 Summon Small Mammal      Summ           #...         22%         1    None
 Dazzling Spray           Conj/Hex       ###...       22%         3    ###....
 Summon Guardian Golem    Hex/Summ       ###.....     22%         3    ###....
 Call Imp                 Summ           #.......     30%         2    #......
 Call Canine Familiar     Summ           #.......     50%         3    ###....
 Summon Ice Beast         Ice/Summ       ###.....     56%         4    ####...
 Summon Lightning Spire   Summ/Air       #.......     88%         4    ####...


Dungeon Overview and Level Annotations

Branches:
Dungeon (8/15)             Temple (1/1) D:4            Lair (0/6) D:8

Altars:
Ashenzari
Cheibriados
Fedhas
Hepliaklqana
Kikubaaqudgha
Makhleb
Nemelex Xobeh
Qazlal
Ru
Sif Muna
Trog
Uskayaw
Wu Jian
Xom
Yredelemnul
The Shining One

Annotations:
D:3 2 runed translucent doors, sallazang's ghost, amateur GrEE


Innate Abilities, Weirdness & Mutations

((You have razor-sharp teeth.))
You have supernaturally acute eyesight. (SInv)
((You can survive without breathing.))
((You are partially covered in thin metallic scales. (AC +2)))
Your body sometimes deteriorates upon taking damage.
Your spells are a little harder to cast, but a little more powerful.


Message History

Casting: Confuse (safe; 7% risk of failure)
Confirm with . or Enter, or press ? or * to list all spells.
Aiming: Confuse (safe; 7% risk of failure)
Press: ? - help, Shift-Dir - straight line, f/p - komodo dragon
Aim: a komodo dragon (chance to defeat MR: 36%)
The komodo dragon easily resists. "This might be better!"
The komodo dragon suddenly seems more agile.
Okay, then.
Really quaff the potion of lignification?
You turn into a tree.
Your +0 pair of boots melds into your body.
Your +0 leather armour melds into your body.
Your roots penetrate the ground.
You block the komodo dragon's attack.
You hit the komodo dragon.
The komodo dragon is lightly wounded.
You hit the komodo dragon but do no damage.
The komodo dragon is lightly wounded.
The komodo dragon bites you but does no damage.
You closely miss the komodo dragon.
The komodo dragon is lightly wounded.
You hit the komodo dragon but do no damage.
The komodo dragon is lightly wounded.
The komodo dragon bites you!
You hit the komodo dragon but do no damage.
The komodo dragon is lightly wounded.
You barely miss the komodo dragon.
The komodo dragon is lightly wounded.
The komodo dragon bites you!
* * * LOW HITPOINT WARNING * * *
You hit the komodo dragon.
The komodo dragon is lightly wounded.
Xom smiles on you.
Your +2 dagger of speed looks sharp.
You closely miss the komodo dragon.
The komodo dragon is lightly wounded.
You block the komodo dragon's attack.
You hit the komodo dragon but do no damage.
The komodo dragon is lightly wounded.
Casting: Confuse (safe; 4% risk of failure)
Confirm with . or Enter, or press ? or * to list all spells.
Aiming: Ensorcelled Hibernation (safe; 2% risk of failure)
Press: ? - help, Shift-Dir - straight line, f/p - komodo dragon
Aim: a komodo dragon (lightly wounded, unusually agile, chance to defeat MR: 36%)
The komodo dragon easily resists.
The komodo dragon bites you.
* * * LOW HITPOINT WARNING * * *
You barely miss the komodo dragon.
The komodo dragon is lightly wounded.
The komodo dragon bites you but does no damage.
You barely miss the komodo dragon.
The komodo dragon is lightly wounded.
You hit the komodo dragon but do no damage.
The komodo dragon is lightly wounded.
It was a potion of curing.
You feel better.
The komodo dragon bites you but does no damage.
Okay, then.
Really read
l - a scroll of teleportation {@r3 !r}?
You cannot teleport because you are held in place by your roots.
You hit the komodo dragon but do no damage.
The komodo dragon is lightly wounded.
The komodo dragon bites you but does no damage.
You barely miss the komodo dragon.
The komodo dragon is lightly wounded.
You closely miss the komodo dragon.
The komodo dragon is lightly wounded.
The komodo dragon bites you but does no damage.
You hit the komodo dragon but do no damage.
The komodo dragon is lightly wounded.
The komodo dragon bites you but does no damage.
You hit the komodo dragon.
The komodo dragon is lightly wounded.
You hit the komodo dragon but do no damage.
The komodo dragon is lightly wounded.
You hit the komodo dragon.
The komodo dragon is moderately wounded.
The komodo dragon bites you.
* * * LOW HITPOINT WARNING * * *
You hit the komodo dragon but do no damage.
The komodo dragon is moderately wounded.
You barely miss the komodo dragon.
The komodo dragon is moderately wounded.
The komodo dragon bites you!
* * * LOW HITPOINT WARNING * * *
You hit the komodo dragon but do no damage.
The komodo dragon is moderately wounded.
Really quaff
z - a potion of curing {@q1 !q}?
You feel better. The komodo dragon bites you.
* * * LOW HITPOINT WARNING * * *
It was a potion of degeneration.
There was something very wrong with that liquid.
You feel weakened.
You feel dopey.
You feel clumsy. The komodo dragon bites you.
* * * LOW HITPOINT WARNING * * *
It was a potion of mutation.
You feel extremely strange.
Thin metallic scales grow over part of your body.
Xom thinks this is hilarious!
You feel yourself wasting away.
You feel less in control of your magic. The komodo dragon bites you!
You die...
Xom bursts into laughter!

..#... #...##..≈≈≈≈h≈....
..#.## ##..##..≈≈≈≈≈.≈.≈.
..o..# #..##..≈≈≈≈≈h≈≈≈≈
..#... #..##....≈≈≈≈≈≈≈≈
...# ###..##...≈.≈≈≈≈≈.≈ .#
#...........≈.≈.≈≈. .#
#..............≈.≈. .#
#..........$.....≈. .#
##########.♣l........?......
.#
#......[['...>........#.....
.#
#.########............######
.....#.# #............#
.#####.# #............#
.#.....# #............#
.#.##### #........%...
.#.#...# #...........
.#.#.#.# #.........


You could see a komodo dragon.

Vanquished Creatures
  2 ogres (D:4)
  A tengu (D:8)
  A necrophage (D:8)
  2 wolves (D:8)
  2 centaurs
  A big kobold (D:7)
  A bullfrog (D:4)
  A gnoll sergeant (D:7)
  4 scorpions
  A howler monkey (D:7)
  2 crimson imps
  4 hounds
  A centaur skeleton (D:4)
  Jessica (D:2)
  An iguana (D:4)
  An orc wizard (D:7)
  3 worker ants
  A hound skeleton (D:4)
  5 gnolls
  10 adders
  2 shadow imps (D:5)
  An adder skeleton (D:5)
  A worm (D:3)
  4 dart slugs
  4 leopard geckos
  15 orcs
  A ball python (D:1)
  6 giant cockroaches
  8 goblins
  13 hobgoblins
  9 jackals
  11 kobolds
  4 quokkas
  9 bats
  6 frilled lizards
  A giant cockroach zombie (D:5)
  A leopard gecko zombie (D:8)
  4 rats
145 creatures vanquished.

Vanquished Creatures (collateral kills)
  3 kobolds (D:7)
3 creatures vanquished.

Vanquished Creatures (others)
  An orc warrior (D:8)
  A hound (D:8)
2 creatures vanquished.

Grand Total: 150 creatures vanquished

Notes
Turn   | Place    | Note
-------+----------+-------------------------------------------
     0 | D:1      | MisterOstroum the Vampire Enchanter began the quest for the
                  | Orb.
     0 | D:1      | Reached XP level 1. HP: 13/13 MP: 3/3
   460 | D:1      | Reached XP level 2. HP: 15/19 MP: 5/5
   513 | D:1      | Learned a level 2 spell: Ensorcelled Hibernation
   947 | D:1      | Reached skill level 5 in Stealth
   947 | D:1      | Reached XP level 3. HP: 24/24 MP: 6/6
   991 | D:1      | Reached skill level 5 in Hexes
  1252 | D:2      | Learned a level 3 spell: Confuse
  1289 | D:1      | Reached skill level 1 in Ice Magic
  1432 | D:2      | Reached XP level 4. HP: 30/30 MP: 2/8
  1604 | D:2      | Reached skill level 1 in Shields
  1851 | D:2      | Noticed Jessica
  1862 | D:2      | Killed Jessica
  1862 | D:2      | Reached XP level 5. HP: 35/35 MP: 9/9
  2330 | D:3      | Found a runed translucent door.
  2603 | D:3      | Found a runed translucent door.
  2605 | D:3      | Noticed sallazang's ghost (amateur GrEE)
  3221 | D:4      | Found a staircase to the Ecumenical Temple.
  3228 | Temple   | Entered the Ecumenical Temple
  3289 | Temple   | Became a worshipper of Xom of Chaos
  3342 | D:4      | Noticed an ogre
  3347 | D:4      | Killed an ogre
  3347 | D:4      | Reached skill level 1 in Fighting
  3347 | D:4      | Reached XP level 6. HP: 27/43 MP: 11/11
  3477 | D:4      | XOM: harmless Fire miscast
  3590 | D:4      | XOM: divination: detect items
  3723 | D:4      | Reached XP level 7. HP: 34/50 MP: 2/13
  4022 | D:4      | Found a burning altar of Makhleb.
  4232 | D:5      | Entered Level 5 of the Dungeon
  4248 | D:5      | XOM: potion effect (agility)
  4610 | D:5      | XOM: god gift: leather armour {god gift}
  4778 | D:5      | Got a shimmering hand axe
  4784 | D:5      | Identified the +4 hand axe of the Stork {flame, MR+} (You
                  | found it on level 5 of the Dungeon)
  4814 | D:5      | XOM: scenery: 1 doors open
  4833 | D:5      | XOM: enchant monster (good)
  4954 | D:5      | You fall through a shaft for 3 floors!
  4964 | D:8      | XOM: potion effect (haste)
  5155 | D:8      | Reached XP level 8. HP: 55/58 MP: 5/14
  5202 | D:8      | XOM: enchant monster (good)
  5203 | D:8      | XOM: divine lightning
  5459 | D:8      | XOM: god gift: crooked glass wand {god gift}
  5532 | D:8      | Found a staircase to the Lair.
  5540 | D:8      | XOM: polymorph electric eel -> tengu
  5583 | D:8      | XOM: 2-stop teleportation journey
  5583 | D:8      | Noticed a troll
  5584 | D:8      | Noticed a hippogriff
  5584 | D:8      | XOM: summons friendly shadow imp
  5611 | D:7      | XOM: smoke on damage
  5707 | D:7      | Reached skill level 5 in Spellcasting
  5718 | D:8      | XOM: smoke on damage
  5899 | D:7      | XOM: summons friendly quasit
  5904 | D:7      | XOM: summons 3 friendly demons
  6057 | D:7      | XOM: summons 4 hostile demons
  6414 | D:7      | Found a glowing golden altar of the Shining One.
  6605 | D:7      | XOM: cast spell 'Summon Butterflies'
  6618 | D:6      | XOM: fog
  6621 | D:7      | XOM: polymorph centaur -> howler monkey
  6628 | D:7      | Reached skill level 5 in Short Blades
  6761 | D:8      | XOM: mild Necr miscast
  6809 | D:8      | XOM: 1-stop teleportation journey
  6819 | D:8      | Noticed a komodo dragon
  6819 | D:8      | a troll changed into a komodo dragon
  6819 | D:8      | XOM: polymorph troll -> komodo dragon
  6820 | D:8      | XOM: harmless Chrm miscast
  6824 | D:8      | XOM: cleaving
  6832 | D:8      | XOM: enchant monster (bad)
  6841 | D:8      | XOM: cleaving
  6861 | D:8      | Gained mutation: You are partially covered in thin metallic
                  | scales. (AC +2) [potion of mutation]
  6861 | D:8      | Gained mutation: Your body sometimes deteriorates upon
                  | taking damage. [potion of mutation]
  6861 | D:8      | Gained mutation: Your spells are a little harder to cast,
                  | but a little more powerful. [potion of mutation]
  6861 | D:8      | Mangled by a komodo dragon

Skill      XL: |  1  2  3  4  5  6  7  8 |
---------------+-------------------------+-----
Stealth        | 5 |  5.1
Hexes          | 5 |  5.1
Ice Magic      | 1 2 3 4 |  4.9
Spellcasting   | 3 4 5 |  5.2
Shields        | 1 2 3 4 |  4.0
Fighting       | 1 2 3 4 |  4.0
Short Blades   | 2 3 5 |  5.0
Dodging        | |  2.1

Action                   |  1- 3 |  4- 6 |  7- 9 || total
-------------------------+-------+-------+-------++-------
Melee: Dagger            |   143 |   215 |   272 ||   630
       Bite              |    11 |    12 |    21 ||    44
Throw: Stone             |       |     4 |     5 ||     9
 Cast: Corona            |     4 |       |       ||     4
       Ensorcelled Hiber |     9 |    15 |    37 ||    61
       Confuse           |       |     5 |    44 ||    49
 Abil: Evoke Berserk Rag |       |       |     1 ||     1
  Use: Potion            |     2 |     1 |    11 ||    14
       Scroll            |       |       |     8 ||     8
 Stab: Sleeping          |    16 |    20 |    20 ||    56
       Confused          |       |     4 |    18 ||    22
       Petrified         |       |       |     2 ||     2
       Distracted        |       |       |     2 ||     2
       Petrifying        |       |       |     1 ||     1
  Eat: Corpse            |     9 |     3 |    11 ||    23
Armor: Robe              |    11 |       |       ||    11
       Leather armour    |    20 |    41 |    38 ||    99
       Skin              |       |       |    20 ||    20
Dodge: Dodged            |   123 |   102 |   120 ||   345
Block: Buckler           |       |       |     5 ||     5
